 Dungeon Sprint DCSS version 0.16.2-12-gd0ad4c3 (webtiles) character file.

4407 faibistes the Bludgeoner (level 10, -4/196 HPs)
             Began as an Ogre Berserker on Dec 13, 2017.
             Was a High Priest of Trog.
             Slain by a 12-headed hydra (10 damage)
             ... in the Dungeon (Sprint I: "Red Sonja").
             The game lasted 00:03:13 (1699 turns).

faibistes the Bludgeoner (Ogre Berserker)           Turns: 1699, Time: 00:03:13

Health: -4/196     AC:  3    Str: 32    XL:     10   Next: 35%
Magic:  10/10      EV: 13    Int:  6    God:    Trog [*****.]
Gold:   379        SH:  0    Dex:  9    Spells: 0 memorised, 9 levels left

rFire  . . .     SeeInvis .     j - +0 giant club
rCold  . . .     Clarity  .     b - +0 animal skin
rNeg   . . .     SustAb   .     (shield restricted)
rPois  .         Gourm    .     (helmet restricted)
rElec  .         Spirit   .     (no cloak)
rCorr  .         Warding  .     (gloves unavailable)
rMut   .         NoTele   +     (boots unavailable)
MR     +....                    (no amulet)
Stlth  ..........               (no ring)
                                (no ring)

@: berserking, very quick, somewhat resistant to hostile enchantments, extremely
unstealthy
A: unfitting armour, tough skin 1
a: Burn Spellbooks, Berserk, Trog's Hand, Brothers in Arms, Renounce Religion


You were in the Dungeon.
You worshipped Trog.
Trog was extremely pleased with you.
You were not hungry.

You visited 1 branch You collected 379 gold pieces.

Inventory:

Hand weapons
 a - a +0 mace
 j - a +0 giant club (weapon)
Armour
 b - a +0 animal skin (worn)
Scrolls
 i - a scroll of blinking
Potions
 d - a potion of curing
 e - a potion of heal wounds
 f - a potion of haste
 g - 2 potions of magic
 h - a potion of berserk rage


   Skills:
 + Level 17.5 Fighting
 + Level 18.0 Maces & Flails
 + Level 4.5 Armour
 + Level 9.9 Dodging
 + Level 4.5 Stealth


You had 9 spell levels left.
You didn't know any spells.

Dungeon Overview and Level Annotations

Branches:
Dungeon (1/1)

Altars:
Cheibriados
Dithmenos
Fedhas
Sif Muna
Vehumet
Jiyva


Innate Abilities, Weirdness & Mutations

You are too large for most types of armour.
You have tough skin (AC +1).


Message History

The 12-headed hydra bites you! The 12-headed hydra bites you.
The 12-headed hydra bites you! x2
The 12-headed hydra bites you.
You can move again.
Use which ability? (? or * to list)
A red film seems to cover your vision as you go berserk!
You feel yourself moving faster!
You feel mighty!
You feel somewhat more hungry. The 12-headed hydra bites you.
The 12-headed hydra bites you!
* * * LOW HITPOINT WARNING * * *
The 12-headed hydra bites you!
* * * LOW HITPOINT WARNING * * *
The 12-headed hydra bites you!
* * * LOW HITPOINT WARNING * * *
The 12-headed hydra closely misses you. The 12-headed hydra bites you!
* * * LOW HITPOINT WARNING * * *
The 12-headed hydra bites you!
* * * LOW HITPOINT WARNING * * *
The 12-headed hydra bites you!
You die...

#####################
..#.)#§..)'.§.§§@DG$#
..##'#§####...§§##$.+
.(§).#.# ##.§§## ##
###..'.# ###+# #'####
#... #.§§§ ###§§.
§§.#


You could see a 12-headed hydra and a giant eyeball.

Vanquished Creatures
  A lindwurm (D)
  A gargoyle (D)
  2 kobold demonologists (D)
  4 demonic crawlers (D)
  A slime creature (D)
  13 hogs (D)
  An ogre (D)
  Sigmund (D)
  A jelly (D)
  Ijyb (D)
  A giant eyeball (D)
27 creatures vanquished.

Vanquished Creatures (others)
  2 wasps (D)
2 creatures vanquished.

Grand Total: 29 creatures vanquished

Notes
Turn   | Place    | Note
--------------------------------------------------------------
     0 | D        | faibistes, the Ogre Berserker, began the quest for the Orb.
     0 | D        | Reached XP level 1. HP: 24/24 MP: 1/1
     1 | D        | Noticed Ijyb
    13 | D        | Killed Ijyb
    13 | D        | Reached skill level 5 in Fighting
    13 | D        | Reached skill level 5 in Maces & Flails
    13 | D        | Reached XP level 2. HP: 36/36 MP: 2/2
    62 | D        | Noticed an ogre
    65 | D        | Killed an ogre
    65 | D        | Reached skill level 8 in Fighting
    65 | D        | Reached XP level 3. HP: 48/48 MP: 3/3
    65 | D        | Reached XP level 4. HP: 57/57 MP: 4/4
   100 | D        | Noticed Sigmund
   112 | D        | Killed Sigmund
   112 | D        | Acquired Trog's second power
   112 | D        | Reached skill level 9 in Fighting
   112 | D        | Reached XP level 5. HP: 7/67 MP: 5/5
   408 | D        | Found a deep blue altar of Sif Muna.
   409 | D        | Noticed a jelly
   410 | D        | Found a radiant altar of Vehumet.
   413 | D        | Killed a jelly
   413 | D        | Reached skill level 10 in Maces & Flails
   460 | D        | Found a viscous altar of Jiyva.
   460 | D        | Found a blossoming altar of Fedhas.
   460 | D        | Noticed a slime creature
   461 | D        | Found a snail-covered altar of Cheibriados.
   461 | D        | Found a shadowy altar of Dithmenos.
   467 | D        | Killed a slime creature
   467 | D        | Reached skill level 11 in Fighting
   467 | D        | Reached skill level 1 in Stealth
   467 | D        | Reached XP level 6. HP: 80/80 MP: 6/6
   530 | D        | Noticed a kobold demonologist
   531 | D        | Noticed a kobold demonologist
   532 | D        | Paralysed by a giant eyeball for 2 turns
   537 | D        | Noticed a smoke demon
   539 | D        | Paralysed by a giant eyeball for 3 turns
   543 | D        | Killed a kobold demonologist
   543 | D        | Reached skill level 12 in Fighting
   543 | D        | Reached skill level 13 in Maces & Flails
   543 | D        | Reached skill level 5 in Dodging
   543 | D        | Reached XP level 7. HP: 47/92 MP: 7/7
   544 | D        | Killed a kobold demonologist
   544 | D        | Reached XP level 8. HP: 47/102 MP: 8/8
   598 | D        | Killed a wasp
   797 | D        | Noticed a demonic crawler
   797 | D        | Noticed a demonic crawler
   797 | D        | Noticed a demonic crawler
   797 | D        | Noticed a demonic crawler
   802 | D        | Killed a demonic crawler
   802 | D        | Acquired Trog's third power
   802 | D        | Received a gift from Trog
   802 | D        | Reached skill level 14 in Fighting
   804 | D        | Killed a demonic crawler
   809 | D        | Killed a demonic crawler
   809 | D        | Reached skill level 15 in Fighting
   809 | D        | Reached skill level 15 in Maces & Flails
   809 | D        | Reached XP level 9. HP: 62/115 MP: 9/9
   811 | D        | Killed a demonic crawler
  1038 | D        | Noticed a gargoyle
  1049 | D        | Killed a gargoyle
  1049 | D        | Reached skill level 16 in Maces & Flails
  1200 | D        | Noticed a lindwurm
  1202 | D        | Killed a lindwurm
  1209 | D        | Noticed a hog
  1209 | D        | Noticed a hog
  1209 | D        | Noticed a hog
  1209 | D        | Noticed a hog
  1209 | D        | Noticed a hog
  1209 | D        | Noticed a hog
  1209 | D        | Noticed a hog
  1209 | D        | Noticed a hog
  1209 | D        | Noticed a hog
  1213 | D        | Killed a hog
  1215 | D        | Killed a hog
  1217 | D        | Killed a hog
  1217 | D        | Received a gift from Trog
  1218 | D        | Noticed a hog
  1219 | D        | Noticed a hog
  1221 | D        | Killed a hog
  1221 | D        | Reached skill level 17 in Maces & Flails
  1223 | D        | Killed a hog
  1223 | D        | Reached XP level 10. HP: 85/130 MP: 10/10
  1226 | D        | Killed a hog
  1229 | D        | Killed a hog
  1230 | D        | Killed a hog
  1231 | D        | Killed a hog
  1281 | D        | Killed a wasp
  1442 | D        | Noticed a hog
  1446 | D        | Noticed a hog
  1446 | D        | Killed a hog
  1452 | D        | Killed a hog
  1452 | D        | Received a gift from Trog
  1455 | D        | Killed a hog
  1464 | D        | Killed a hog
  1464 | D        | Reached skill level 18 in Maces & Flails
  1697 | D        | Noticed a 12-headed hydra
  1697 | D        | Paralysed by a giant eyeball for 2 turns
  1699 | D        | HP: 6/196 [12-headed hydra (13)]
  1699 | D        | Slain by a 12-headed hydra

Action                   |  1- 3 |  4- 6 |  7- 9 | 10-12 || total
-------------------------+-------+-------+-------+-------++-------
Melee: Mace              |    12 |       |       |       ||    12
       Giant club        |       |    14 |    37 |    18 ||    69
Invok: Berserk           |     2 |     3 |     2 |     1 ||     8
  Eat: Beef jerky        |       |     1 |       |       ||     1
       Meat ration       |       |     1 |       |       ||     1
       Chunk             |       |       |       |     3 ||     3
